cohdb
Replays
Latest Replays
All Replays
Popular Replays
Top Player Replays
Match Explorer
How It Works
Community
CoH3 Stats
Reddit
Sign in to upload your games and track your stats! →
Sign in with Steam
Match 42514989
Unlisted
Match 42514989
Overview
Messages
Build Orders
End
Kradschützen Motorcycle Team
Panzergrenadier Squad
Selects Italian Infantry
Panzergrenadier Squad
Construct Light Support Kompanie
2.5-tonne Medical Truck
Selects Defensive Operations
Construct Mechanized Kompanie
Marder III Tank Destroyer
Selects Guastatori Squad
Guastatori Squad
8 Rad Armored Car
Marder III Tank Destroyer
Selects Registered Artillery
Guastatori Squad
Selects Prepared Positions
Support Armor Elements
18-tonne Recovery Half-track
Construct Panzerarmee Kommand
TEDI_KOX
Wyścigowy skrzacior
DEV ®
Wiedźmin_Łukasz
mp5
Dawes
Highwaylord
Whitent
0
0
Comments
sign in to comment!
No comments posted yet!